Map: Frozen Temple

Players

Zodiac

  • Race: Zerg Zerg
  • League: Platinum

llllllllllll - Winner!

  • Race: Protoss Protoss
  • League: Platinum

VOD

Have the link to the VOD?

Description

Time

  • Played on: Oct. 2, 2016, 6:57 p.m.
  • Length: 17:14
Show
View Real Time Build Order
Export as new Build Order

Zodiac Zerg 

Build Orders: Pool First 

Get SALT Encoding   

  12  0:01  Drone  
  13  0:12  Overlord  
  13  0:18  Drone  
  14  0:31  Drone x2  
  16  0:37  Drone  
  17  1:05  Spawning Pool  
  17  1:08  Drone x3  
  17  1:10  Extractor  
  18  1:26  Drone  
  19  1:36  Overlord  
  19  2:00  Queen  
  21  2:02  Zergling x2  
  21  2:03  Zergling x4  
  23  2:36  Roach Warren  
  22  2:55  Drone x3  
  25  3:03  Extractor  
  24  3:13  Drone x3  
  24  3:19  Overlord  
  27  3:37  Roach x2  
  27  3:38  Roach  
  27  3:40  Roach x2  
  37  3:51  Metabolic Boost  
  37  3:55  Overlord  
  37  4:08  Zergling x2  
  38  4:16  Roach x4  
  45  4:53  Roach  
  45  4:54  Overlord x2  
  45  4:55  Overlord  
  45  5:17  Roach  
  45  5:18  Roach x2  
  51  5:21  Hatchery  
  50  5:34  Queen  
  52  6:24  Drone x6  
  58  6:35  Hatchery  
  58  6:39  Lair  
  57  6:54  Queen  
  59  7:03  Drone x7  
  59  7:04  Drone  
  67  7:12  Spore Crawler  
  66  7:16  Spore Crawler  
  65  7:29  Extractor x2  
  61  7:39  Queen  
  61  7:41  Queen  
  65  7:46  Hydralisk Den  
  65  7:48  Queen  
  66  7:56  Overlord x4  
  66  8:07  Overlord x2  
  66  8:20  Overlord x2  
  66  8:21  Overlord  
  66  8:25  Queen x2  
  70  8:37  Hydralisk  
  70  8:38  Hydralisk x3  
  76  9:00  Hydralisk x5  
  86  9:17  Muscular Augments  
  86  9:34  Drone x5  
  86  9:35  Drone  
  92  9:50  Hatchery  
  89  10:35  Hatchery  
  89  10:37  Overlord x4  
  89  10:38  Overlord  
  88  10:56  Hydralisk x4  
  88  10:57  Hydralisk x2  
  100  11:29  Hydralisk  
  100  11:30  Hydralisk x4  
  110  11:42  Drone x4  
  110  11:43  Drone  
  115  12:03  Hydralisk  
  115  12:04  Hatchery  
  116  12:17  Drone  
  117  12:26  Drone  
  117  12:27  Drone x4  
  122  12:40  Overlord x3  
  122  12:56  Hydralisk  
  122  12:57  Hydralisk x3  
  130  13:07  Hydralisk x2  
  133  13:44  Hydralisk x5, Hatchery  
  133  13:47  Hydralisk x6  
Show
View Real Time Build Order
Export as new Build Order

llllllllllll Protoss - Winner!

Build Orders:  

Get SALT Encoding   

  12  0:01  Probe (Chrono Boost)  
  13  0:11  Probe (Chrono Boost)  
  14  0:20  Pylon  
  14  0:22  Probe (Chrono Boost)  
  15  0:38  Probe (Chrono Boost)  
  16  0:45  Forge  
  16  1:00  Pylon  
  16  1:18  Pylon  
  16  1:30  Photon Cannon  
  16  1:32  Photon Cannon  
  16  1:37  Pylon  
  16  1:38  Pylon  
  16  1:41  Pylon  
  16  1:45  Probe (Chrono Boost)  
  17  2:05  Nexus  
  17  2:12  Assimilator  
  16  2:17  Probe (Chrono Boost)  
  16  2:19  Assimilator  
  17  2:28  Pylon  
  17  2:34  Probe (Chrono Boost)  
  18  2:44  Probe (Chrono Boost)  
  18  2:47  Gateway  
  19  2:55  Photon Cannon  
  19  2:59  Assimilator  
  19  3:02  Probe (Chrono Boost)  
  20  3:20  Gateway  
  20  3:27  Probe (Chrono Boost)  
  20  3:30  Probe (Chrono Boost)  
  22  3:38  Cybernetics Core, Probe (Chrono Boost)  
  22  3:40  Probe (Chrono Boost)  
  24  3:48  Pylon  
  24  3:51  Probe (Chrono Boost)  
  24  3:55  Probe (Chrono Boost)  
  26  4:01  Probe (Chrono Boost)  
  27  4:06  Probe (Chrono Boost)  
  27  4:07  Photon Cannon  
  28  4:14  Pylon  
  28  4:20  Mothership Core (Chrono Boost)  
  30  4:24  Probe (Chrono Boost)  
  31  4:32  Assimilator  
  31  4:35  Probe (Chrono Boost), Assimilator  
  32  4:39  Probe (Chrono Boost)  
  33  4:47  Photon Cannon  
  33  4:52  Photon Cannon  
  33  4:59  Photon Cannon  
  33  5:08  Stargate  
  33  5:17  Stargate  
  33  5:21  Photon Cannon  
  33  5:23  Probe (Chrono Boost)  
  34  5:35  Photon Cannon  
  34  5:36  Pylon  
  34  5:50  Photon Cannon  
  34  5:51  Pylon  
  34  5:52  Probe (Chrono Boost)  
  35  6:05  Void Ray  
  39  6:17  Void Ray  
  39  6:23  Probe (Chrono Boost)  
  44  6:26  Probe (Chrono Boost)  
  45  6:34  Probe (Chrono Boost)  
  46  6:48  Void Ray  
  50  7:00  Pylon  
  50  7:04  Stargate  
  50  7:06  Stargate  
  50  7:22  Pylon  
  50  7:47  Void Ray  
  58  7:52  Void Ray  
  58  7:53  Void Ray x2  
  66  8:24  Void Ray  
  70  8:35  Void Ray  
  70  8:36  Void Ray  
  78  8:44  Void Ray  
  82  8:49  Pylon  
  82  8:51  Pylon  
  82  9:23  Oracle  
  82  9:28  Oracle x2  
  91  9:50  Oracle  
  94  9:55  Pylon  
  94  9:57  Pylon  
  94  9:58  Pylon  
  94  10:00  Pylon  
  94  10:02  Pylon  
  94  10:11  Oracle  
  94  10:16  Oracle  
  100  10:28  Nexus  
  100  10:31  Oracle  
  100  10:32  Pylon  
  103  10:45  Oracle  
  106  10:56  Photon Cannon  
  106  10:57  Photon Cannon  
  106  10:59  Photon Cannon  
  106  11:08  Oracle  
  109  11:13  Oracle  
  109  11:24  Probe (Chrono Boost)  
  113  11:32  Oracle  
  116  11:40  Probe (Chrono Boost)  
  117  11:51  Probe (Chrono Boost)  
  118  11:55  Oracle  
  118  11:59  Oracle  
  121  12:01  Probe (Chrono Boost)  
  121  12:12  Probe (Chrono Boost)  
  122  12:22  Probe (Chrono Boost)  
  123  12:23  Assimilator  
  123  12:26  Assimilator  
  123  12:28  Oracle  
  123  12:29  Pylon  
  123  12:33  Probe (Chrono Boost), Oracle  
  123  12:35  Oracle  
  133  12:58  Pylon, Oracle  
  133  13:00  Pylon  
  133  13:02  Pylon  
  133  13:04  Pylon  
  136  13:08  Oracle  
  136  13:13  Oracle  
  142  13:41  Oracle  
  142  13:46  Oracle x2  
  151  13:49  Oracle  
  154  14:12  Oracle  
  154  14:22  Oracle x2  
  163  14:29  Oracle  
Tags
 
Add a new tag
Caveats
  • Supply blocks, unpowered buildings, or Contaminate may cause inaccurate times.
  • Supply counts are checked every 10 seconds.